 Dungeon Crawl Stone Soup version 0.29-a0-998-g1987434951 (webtiles) character file.

Game seed: 3616120083297243911

182 gelatine the Chopper (level 5, -5/42 HPs)
             Began as a Demonspawn Fighter on Aug 5, 2022.
             Slain by an ogre
             ... wielding a +0 giant spiked club
              (15 damage)
             ... on level 3 of the Dungeon.
             The game lasted 00:05:58 (2668 turns).

gelatine the Chopper (Demonspawn Fighter)           Turns: 2668, Time: 00:05:58

Health: -5/42      AC: 15    Str: 18    XL:     5   Next: 34%
Magic:  5/5        EV: 11    Int: 18    God:
Gold:   208        SH:  4    Dex: 13    Spells: 4/4 levels left

rFire   x . .      SeeInvis .   a - +0 war axe
rCold   . . .      Faith    .   c - +0 buckler
rNeg    . . .      Spirit   .   p - +6 scale mail of Vlad {Contam Rampage rF- Int+9}
rPois   .          Reflect  .   d - +0 helmet
rElec   .          Harm     .   (no cloak)
rCorr   .          Rampage  +   l - +0 pair of gloves
Will    .....                   (no boots)
Stlth   ..........              (no amulet)
HPRegen 0.14/turn               (no ring)
MPRegen 0.09/turn               (no ring)

@: no status effects
A: repulsion field 1, demonic touch 1
a: no special abilities


You were on level 3 of the Dungeon.
You visited 1 branch of the dungeon, and saw 3 of its levels.

You collected 208 gold pieces.

Inventory:

Hand Weapons
 a - a +0 war axe (weapon)
Armour
 c - a +0 buckler (worn)
 d - a +0 helmet (worn)
 k - a +2 leather armour of poison resistance
 l - a +0 pair of gloves (worn)
 p - the +6 scale mail of Vlad (worn) {Contam Rampage rF- Int+9}
   (You found it on level 2 of the Dungeon)

   Int:       It affects your intelligence (+9).
   rF:        It makes you vulnerable to fire.
   Contam:    It causes magical contamination when unequipped.
   Rampage:   It bestows one free step when moving towards enemies.
Jewellery
 m - an amulet of regeneration
 n - a ring of ice
Scrolls
 b - a scroll of identify {unknown}
 f - a scroll of vulnerability {unknown}
 g - a scroll of fear {unknown}
 h - a scroll of butterflies {unknown}
 j - a scroll of blinking {unknown}
 q - 2 scrolls of teleportation {unknown}
 r - a scroll of enchant armour {unknown}
 s - a scroll of acquirement {unknown}
 u - a scroll of amnesia {unknown}
Potions
 e - a potion of curing {unknown}
 o - 2 potions of ambrosia {unknown}
 t - 2 potions of invisibility {unknown}
 v - a potion of attraction {unknown}


   Skills:
 + Level 3.6 Fighting
 + Level 3.9 Axes
 + Level 3.1 Armour
 + Level 0.5 Dodging
 + Level 0.4 Stealth
 + Level 3.1 Shields


You had 4 spell levels left.
You didn't know any spells.
Your spell library contained the following spells:

 Spells                   Type           Power      Damage    Failure   Level
 Shock                    Conj/Air       0%         1d3       65%         1
 Static Discharge         Conj/Air       0%         3-3/arc   80%         2
 Swiftness                Air            0%         N/A       95%         3
 Airstrike                Air            0%         2d(0-16)  100%        4
 Dispel Undead            Necr           0%         3d6       100%        4
 Sticky Flame             Conj/Fire      0%         2d3       100%        4


Dungeon Overview and Level Annotations

Branches:
Dungeon (3/15)

Altars:


Innate Abilities, Weirdness & Mutations

You are surrounded by a mild repulsion field. (EV +2)
Your touch may inflict minor irresistible damage on your foes.


Message History

You now have 194 gold pieces (gained 15).
You now have 208 gold pieces (gained 14).
A phantom, an ogre and 3 gnolls come into view.
The gnoll shouts! x3; You hear a shout!
You hear an angry hiss. x2
A gnoll comes into view. It is wielding a +0 flail.
The phantom moves out of view.
You throw a javelin. The javelin pierces through the ogre.
The ogre is lightly wounded.
The javelin pierces through the gnoll.
The gnoll is moderately wounded.
You throw a javelin. The javelin completely misses the ogre.
The javelin closely misses the gnoll.
You throw a javelin. The javelin pierces through the ogre.
The ogre is moderately wounded.
The javelin barely misses the gnoll.
You throw a javelin.
The javelin pierces through the ogre but does no damage.
The ogre is moderately wounded.
The javelin pierces through the gnoll.
The gnoll is moderately wounded.
You block the ogre's attack.
You hit the ogre.
The ogre is moderately wounded.
The ogre hits you with a +0 giant spiked club!
You slash the ogre!
The ogre is heavily wounded.
The ogre misses you.
You closely miss the ogre.
The ogre is heavily wounded.
The ogre hits you with a +0 giant spiked club!
You hit the ogre.
The ogre is severely wounded.
The ogre hits you with a +0 giant spiked club!
* * * LOW HITPOINT WARNING * * *
You hit the ogre.
The ogre is severely wounded.
You hit the ogre but do no damage.
The ogre is severely wounded.
The ogre hits you with a +0 giant spiked club!
You die...

#...##### #..........#
#...#...# .# #..........#
#...#...# #[# ##.##......#
#...#...# #.# #.#########
#...#...###.## #.#########
#............#####.#.......#
#..#####.........[.........+
................####.......#
................@OgWg..(...##
.....###..#..######g........#
........†....# #....(...[#
#....###.###'######.........#
.. #.##......##.........#
..##......##.........#
##.##......##########.#
.................. ...
......###.######## .....


You could see an ogre, a phantom and 3 gnolls.

Vanquished Creatures
  An ogre (D:3)
  Robin (D:3)
  An adder (D:2)
  A worm (D:2)
  3 dart slugs (D:1)
  7 ball pythons
  3 bats
  4 endoplasms
  4 giant cockroaches
  13 goblins
  9 hobgoblins
  A quokka (D:2)
  2 frilled lizards
  3 kobolds
  4 rats
57 creatures vanquished.

Notes
Turn   | Place    | Note
-------+----------+-------------------------------------------
     0 | D:1      | gelatine the Demonspawn Fighter began the quest for the
                  | Orb.
     0 | D:1      | Reached XP level 1. HP: 18/18 MP: 1/1
   146 | D:1      | Gained mutation: Your touch may inflict minor irresistible
                  | damage on your foes. [demonic ancestry]
   146 | D:1      | Reached XP level 2. HP: 14/24 MP: 2/2
   940 | D:2      | Gained mutation: You are surrounded by a mild repulsion
                  | field. (EV +2) [demonic ancestry]
   940 | D:2      | Reached XP level 3. HP: 26/29 MP: 3/3
  1014 | D:2      | Found a faded altar of an unknown god.
  1501 | D:2      | Identified the +6 scale mail of Vlad {Contam Rampage rF-
                  | Int+9}
  1787 | D:3      | Noticed an ogre
  1811 | D:3      | Killed an ogre
  1812 | D:3      | Reached XP level 4. HP: 4/36 MP: 4/4
  1812 | D:3      | Reached XP level 5. HP: 4/41 MP: 5/5
  2297 | D:3      | Noticed Robin
  2314 | D:3      | Killed Robin
  2648 | D:3      | Noticed a phantom
  2648 | D:3      | Noticed an ogre
  2668 | D:3      | Slain by an ogre

Illustrated notes

Levels and vault maps discovered:
D:1:      dpeg_arrival_orchard, layout_loops_ring
D:2:      layout_basic, hellmonk_ecumenical_altar_heavens_door,
          hangedman_decor_points, corexii_shack, minmay_tree_intersection
D:3:      layout_basic, dreamdust_wishing_well, uniq_robin,
          uniq_crazy_yiuf_cottage

Skill      XL: |  1  2  3 |
---------------+----------+-----
Axes           | 2 3 |  3.9
Shields        | 3 |  3.1
Armour         | 3 |  3.1
Fighting       | |  3.6
Dodging        | |  0.5
Stealth        | |  0.4

Action                   |  1- 3 |  4- 6 || total
-------------------------+-------+-------++-------
Melee: War axe           |   125 |    35 ||   160
Throw: Javelin           |       |     4 ||     4
  Use: Potion            |       |     1 ||     1
 Stab: Distracted        |       |     1 ||     1
Armor: Scale mail        |    25 |       ||    25
       Leather armour    |    26 |     7 ||    33
Dodge: Dodged            |    65 |    21 ||    86
Block: Buckler           |    30 |    12 ||    42

Table legend: (Time is in decaauts)
 A = Elapsed time spent in this place.
 B = Non-inter-level travel time spent in this place.
 C = Inter-level travel time spent in this place.
 D = Time resting spent in this place.
 E = Time spent auto-exploring this place.
 F = Levels seen in this place.
 G = Mean time per level.
                   A        B        C        D        E       F      G
               +--------+--------+--------+--------+--------+-----+--------+
         Total |   2736 |   2714 |     22 |    535 |   1615 |   3 |  912.0 |
       Dungeon |   2736 |   2714 |     22 |    535 |   1615 |   3 |  912.0 |
               +--------+--------+--------+--------+--------+-----+--------+

Top non-repeatable levels by time:
     D:3: 1028 daAuts
     D:1: 857 daAuts
     D:2: 851 daAuts
